 Dungeon Crawl Stone Soup version 0.31-a0-1074-g0b22e4e0f1 (webtiles) character file.

Game seed: 5221937445909691715

4855 IdlyInterested the Mimic (level 10, 0/108 HPs)
             Began as a Demonspawn Fighter on Nov 29, 2023.
             Slain by an unseen horror (11 damage)
             ... on level 7 of the Dungeon.
             The game lasted 00:27:48 (8289 turns).

IdlyInterested the Mimic (Demonspawn Fighter)       Turns: 8289, Time: 00:27:48

Health: 0/108      AC:  2    Str: 24    XL:     10   Next: 25%
Magic:  10/10      EV: 12    Int: 11    God:
Gold:   41         SH: 11    Dex: 16    Spells: 9/9 levels left

rFire   + .          .
                       - Unarmed
rCold   + . .        m - +2 kite shield
rNeg    . . .        E - melded +2 chain mail {rC+}
rPois   .            (helmet restricted)
rElec   .            N - scarf {rC+ rF+}
rCorr   .            a - +0 pair of gloves
SInv    .            O - +0 pair of boots
Will    .....        A - amulet of the acrobat Stlth
                     I - ring of flight
HPRegen 0.38/turn    B - +6 ring of strength
MPRegen 0.12/turn

%: acrobat
@: mighty, berserking, maw-form, flying, studying Shields, very quick
A: devouring maw, reduced hp, horns 2, demonic guardian 1, foul stench 1, big
brain 1
a: Begin Untransformation


You were on level 7 of the Dungeon.
You were a creature with a mouth for a stomach.
You visited 2 branches of the dungeon, and saw 8 of its levels.

You collected 475 gold pieces.
You spent 434 gold pieces at shops.

Inventory:

Hand Weapons
 d - a +4 vampiric trident
 g - the +6 trident of Jaoss {venom, rF+++ Int-4 Dex+4}
   (You took it off a gnoll sergeant on level 6 of the Dungeon)

   Int-4:     It affects your intelligence (-4).
   Dex+4:     It affects your dexterity (+4).
   rF+++:     It renders you almost immune to fire.
Missiles
 f - 52 stones
 q - 7 poisoned darts (quivered)
Armour
 a - a +0 pair of gloves (worn)
 b - a +0 buckler
 m - a +2 kite shield (worn)
 u - an orb of guile
 v - an orb of mayhem
 E - a +2 chain mail of cold resistance (melded)
 N - a scarf of resistance (worn)
 O - a +0 pair of boots (worn)
Magical Staves
 o - a staff of cold
Jewellery
 j - the ring "Qemeat" {Fire Drain +Blink Dex+9}
   (You found it on level 6 of the Dungeon)

   [ring of fire]

   Fire:      It enhances your fire magic.
   Dex+9:     It affects your dexterity (+9).
   rF+:       It protects you from fire.
   rC-:       It makes you vulnerable to cold.
   +Blink:    It lets you blink.
   Drain:     It drains your maximum health when unequipped.
 l - a ring of positive energy
 A - an amulet of the acrobat (around neck)
 B - a +6 ring of strength (right hand)
 C - a ring of fire
 I - a ring of flight (left hand)
Talismans
 e - a maw talisman (active)
 Q - a granite talisman
Wands
 i - a wand of polymorph (9)
 H - a wand of iceblast (14)
Scrolls
 h - a scroll of vulnerability
 n - 3 scrolls of fog
 p - 2 scrolls of torment
 r - 3 scrolls of enchant weapon
 s - 2 scrolls of brand weapon
 y - a scroll of poison
 F - 2 scrolls of teleportation
 G - a scroll of revelation
 J - 3 scrolls of amnesia
 K - 2 scrolls of enchant armour
Potions
 c - a potion of might
 k - a potion of mutation {unknown}
 t - a potion of attraction
 w - a potion of berserk rage
 x - 2 potions of curing
 z - a potion of magic
 D - a potion of enlightenment
 L - a potion of cancellation
 M - a potion of brilliance


   Skills:
 + Level 5.7 Fighting
 - Level 1.0 Throwing
 - Level 3.0 Armour
 - Level 4.0 Dodging
 - Level 1.0 Stealth
 - Level 3.0 Shields
 + Level 6.6 Unarmed Combat
 - Level 1.0 Evocations
 * Level 9.4 Shapeshifting


You had 9 spell levels left.
You didn't know any spells.
Your spell library contained the following spells:

 Spells                   Type           Power      Damage    Failure   Level
 Cigotuvi's Dreadful Rot  Necr/Pois/Air  0%         N/A       75%         2
 Ensorcelled Hibernation  Hex/Ice        0%         N/A       75%         2
 Jinxbite                 Hex            0%         N/A       75%         2
 Lesser Beckoning         Tloc           0%         N/A       75%         2
 Gell's Gravitas          Tloc           0%         N/A       93%         3
 Teleport Other           Tloc           0%         N/A       93%         3
 Anguish                  Hex/Necr       0%         N/A       100%        4
 Dispel Undead            Necr           0%         3d6       100%        4
 Death Channel            Necr           0%         N/A       100%        6


Dungeon Overview and Level Annotations

Branches:
Dungeon (7/15)             Temple (1/1) D:4

Altars:
Ashenzari
Cheibriados
Dithmenos
Gozag
Hepliaklqana
Makhleb
Nemelex Xobeh
Okawaru
Trog
Uskayaw
Vehumet
Wu Jian
Xom
Lugonu

Shops:
D:6 !

Annotations:
D:7 1 transporter


Innate Abilities, Weirdness & Mutations

You are a creature with a mouth for a stomach.
Your midsection houses a second, enormous mouth.
Your maximum health is decreased, since you lack skill for your form.
You have a pair of horns on your head.
A weak demonic guardian rushes to your aid.
You may rarely emit foul miasma when damaged in melee.
You have an unusually large brain. (Int +2)


Message History

A red film seems to cover your vision as you go berserk!
You feel yourself moving faster!
You feel mighty! Something hits you! The small abomination hits you.
The formless jellyfish shimmers eerily.
The formless jellyfish blinks!
The purple ugly thing basks in the mutagenic energy from its kin and changes!
You block the small abomination's attack.
You barely miss the small abomination.
Your headbutt misses the small abomination.
Something hits you.
The formless jellyfish shimmers eerily.
The formless jellyfish blinks!
Your iron imp hits the small abomination!
You hit the small abomination but do no damage.
Your bite misses the small abomination. The small abomination hits you.
The small abomination barely misses you.
Something hits you.
Your iron imp barely misses the small abomination.
You barely miss the small abomination. Something hits you!
The small abomination hits you.
* * * LOW HITPOINT WARNING * * *
The small abomination misses you. Something hits you.
* * * LOW HITPOINT WARNING * * *
You closely miss the small abomination. You bite the small abomination!!
The small abomination is severely damaged.
Something hits you!
* * * LOW HITPOINT WARNING * * *
A demonic guardian appears!
You block the small abomination's attack.
Something hits you!
* * * LOW HITPOINT WARNING * * *
You block the small abomination's attack.
Your iron imp hits the small abomination!
You punch the small abomination!
You destroy the small abomination!
The formless jellyfish shimmers eerily.
The formless jellyfish blinks!
You hit the small abomination but do no damage.
Something hits you!
You die...

#....# ##..##...##..###.......#
###...####.(.##...##.!.#.........
.........#.#..##©##...!#........[
###...######...###...###.........
#.......###.......###.#.......#
###.##### ##....x## ####.....##
#.# #..u§5# ##...### #.#
##.x.u.## ##..... ## #.###
##.5xWu..# #..### .# #...#
#...###...# # #..# # .#
###.##.J..##©##...=# ##..# # .###
#.##...##...###.©# ##...### ...#
#.###..##...##..## #....[.. .#.#
#.# # #.....##### ##...###
##.####.# ###....##.#####.####
........# ####..............
##.###### ##########.####


You could see a formless jellyfish (ally target), 3 ugly things, 3 small
abominations and 2 friendly iron imps.

Vanquished Creatures
  Pikel (D:7)
  The ghost of sammy202020 the Trooper, a novice MiFi of Gozag (D:6)
  Jeremiah (D:7)
  Sigmund (D:5)
  6 yaks (D:7)
  A small abomination (D:7)
  A water moccasin (D:7)
  2 sky beasts (D:7)
  2 black bears
  An ice beast (D:6)
  A centaur (D:6)
  2 phantoms
  4 scorpions
  3 gnoll sergeants
  8 wights
  Crazy Yiuf (D:5)
  2 jellies
  An orc priest (D:6)
  4 hounds
  A sleepcap (D:7)
  2 gnoll boudas
  2 iguanas (D:6)
  3 orc wizards (D:6)
  22 gnolls
  7 adders
  A shadow imp (D:3)
  4 ufetubi
  2 worms (D:2)
  A dart slug (D:2)
  4 orcs
  5 ball pythons
  5 bats
  An endoplasm (D:2)
  4 giant cockroaches
  4 goblins
  A hobgoblin (D:4)
  2 jackals (D:4)
  7 kobolds
  7 quokkas
  3 frilled lizards (D:3)
  4 rats
135 creatures vanquished.

Vanquished Creatures (collateral kills)
  A water moccasin (D:7)
  An orc (D:6)
2 creatures vanquished.

Grand Total: 137 creatures vanquished

Notes
Turn   | Place    | Note
-------+----------+-------------------------------------------
     0 | D:1      | IdlyInterested the Demonspawn Fighter began the quest for
                  | the Orb.
     0 | D:1      | Reached XP level 1. HP: 18/18 MP: 1/1
   117 | D:1      | Reached skill level 1 in Shapeshifting
   242 | D:1      | Gained mutation: A weak demonic guardian rushes to your
                  | aid. [demonic ancestry]
   242 | D:1      | Reached XP level 2. HP: 24/24 MP: 2/2
  1169 | D:2      | Reached XP level 3. HP: 29/29 MP: 3/3
  1398 | D:2      | Reached skill level 2 in Shapeshifting
  1604 | D:2      | Reached skill level 1 in Throwing
  1877 | D:3      | Gained mutation: You may rarely emit foul miasma when
                  | damaged in melee. [demonic ancestry]
  1877 | D:3      | Reached XP level 4. HP: 35/35 MP: 4/4
  2079 | D:3      | Found a faded altar of an unknown god.
  2279 | D:3      | Reached skill level 1 in Dodging
  2904 | D:4      | Found a staircase to the Ecumenical Temple.
  2915 | Temple   | Found a transporter.
  2915 | Temple   | Found a transporter.
  2915 | Temple   | Found a transporter.
  2915 | Temple   | Found a transporter.
  2915 | Temple   | Entered the Ecumenical Temple
  3626 | D:5      | Entered Level 5 of the Dungeon
  3631 | D:5      | Reached skill level 3 in Shapeshifting
  3641 | D:5      | Reached skill level 1 in Stealth
  3641 | D:5      | Gained mutation: You have a pair of small horns on your
                  | head. [demonic ancestry]
  3641 | D:5      | Reached XP level 5. HP: 35/41 MP: 5/5
  3805 | D:5      | Noticed Sigmund
  3820 | D:5      | Killed Sigmund
  3821 | D:5      | Reached skill level 1 in Evocations
  3821 | D:5      | Reached skill level 4 in Shapeshifting
  3821 | D:5      | Reached XP level 6. HP: 40/47 MP: 6/6
  4311 | D:5      | Reached skill level 5 in Shapeshifting
  4311 | D:5      | Gained mutation: You have an unusually large brain. (Int
                  | +2) [demonic ancestry]
  4311 | D:5      | Reached XP level 7. HP: 30/52 MP: 7/7
  4650 | D:5      | Found a runed translucent door.
  4650 | D:5      | Noticed Crazy Yiuf
  4659 | D:5      | Killed Crazy Yiuf
  4813 | D:6      | Found Ynketiod's Distillery.
  4850 | D:6      | Found a transporter.
  4861 | D:6      | Noticed sammy202020's ghost (novice MiFi)
  5229 | D:6      | Reached skill level 6 in Shapeshifting
  5229 | D:6      | Gained mutation: You have a pair of horns on your head.
                  | [demonic ancestry]
  5229 | D:6      | Reached XP level 8. HP: 15/58 MP: 8/8
  5774 | D:6      | Found a transporter.
  5826 | D:6      | Found a burning altar of Makhleb.
  5963 | D:6      | Identified the +6 trident of Jaoss {venom, rF+++ Int-4
                  | Dex+4}
  5987 | D:6      | Reached skill level 7 in Shapeshifting
  6018 | D:6      | Killed sammy202020's ghost
  6019 | D:6      | Reached skill level 5 in Unarmed Combat
  6019 | D:6      | Reached XP level 9. HP: 8/65 MP: 9/9
  6244 | D:6      | Identified the ring "Qemeat" {Fire Drain +Blink Dex+9}
  6385 | D:6      | Bought 2 potions of curing for 84 gold pieces
  6385 | D:6      | Bought a potion of ambrosia for 112 gold pieces
  6385 | D:6      | Bought a potion of cancellation for 112 gold pieces
  6385 | D:6      | Bought a potion of berserk rage for 70 gold pieces
  6385 | D:6      | Bought a potion of brilliance for 56 gold pieces
  6462 | D:7      | Noticed Jeremiah
  6491 | D:7      | HP: 2/50 [Jeremiah/divine providence (9)]
  6510 | D:7      | Killed Jeremiah
  6511 | D:7      | Reached skill level 8 in Shapeshifting
  6782 | D:7      | Found a transporter.
  6886 | D:7      | Noticed a purple ugly thing
  6887 | D:7      | Noticed a fire crab
  6888 | D:7      | Noticed a brown ugly thing
  6889 | D:7      | Found a corrupted altar of Lugonu.
  6889 | D:7      | Noticed a brown ugly thing
  6977 | D:7      | Noticed a yaktaur
  6978 | D:7      | Found a transporter.
  7071 | D:7      | Noticed Pikel
  7116 | D:7      | Killed Pikel
  7333 | D:7      | Reached skill level 5 in Fighting
  7349 | D:7      | Reached skill level 9 in Shapeshifting
  7362 | D:7      | Reached XP level 10. HP: 27/74 MP: 10/10
  7374 | D:7      | HP: 1/74 [yak (9)]
  8279 | D:7      | Noticed a formless jellyfish
  8289 | D:7      | Slain by an unseen horror

Illustrated notes

Levels and vault maps discovered:
D:1:      saegor_arrival_simple_d, layout_loops_ring, minivault_24
D:2:      layout_loops_corners, basic_altar, minmay_pentomino_z2
D:3:      layout_loops_ring, ebering_ecumenical_altar_webs,
          kennysheep_generic_room_2
D:4:      layout_gridville, minmay_temple_entry_junction
D:5:      layout_basic, uniq_sigmund, uniq_crazy_yiuf_cottage
D:6:      layout_basic, lightli_temple_of_fire, tso_metal_star,
          gammafunk_ghost_gnarly_gnolls, nicolae_stop_n_shop_2,
          minmay_fractal_squares_gapless_5
D:7:      gammafunk_corrupted_shrine, layout_loops_corners, uniq_jeremiah,
          uniq_pikel
Temple:   hellmonk_temple_divided_pantheon

Skill      XL: |  1  2  3  4  5  6  7  8  9 |
---------------+----------------------------+-----
Shapeshifting  | 1 2 3 4 5 6 7 9 |  9.4
Armour         | 3 |  3.0
Throwing       | 1 |  1.0
Dodging        | 1 3 4 |  4.0
Stealth        | 1 |  1.0
Evocations     | 1 |  1.0
Unarmed Combat | 2 3 5 6 |  6.6
Fighting       | 5 |  5.7
Shields        | 3 |  3.0

Action                     |  1- 3 |  4- 6 |  7- 9 | 10-12 || total
---------------------------+-------+-------+-------+-------++-------
  Melee: Unarmed           |    69 |       |   197 |    49 ||   315
         Whip              |    40 |   137 |    14 |       ||   191
         Headbutt          |       |    11 |    57 |     8 ||    76
         War axe           |       |       |    35 |       ||    35
         Maw               |       |       |    17 |    18 ||    35
         Trident           |       |       |    19 |       ||    19
  Throw: Dart              |     1 |     3 |    15 |     3 ||    22
         Stone             |       |     2 |     3 |     9 ||    14
  Evoke: Wand              |       |       |     2 |       ||     2
    Use: Scroll            |     3 |     5 |     2 |     1 ||    11
         Potion            |     1 |     1 |     8 |     3 ||    13
   Stab: Sleeping          |       |       |     2 |     2 ||     4
         Distracted        |       |       |       |     1 ||     1
 Armour: Scale mail        |    60 |       |       |       ||    60
         Chain mail        |    17 |   100 |   125 |     5 ||   247
         Skin              |       |       |    21 |    23 ||    44
  Dodge: Dodged            |    41 |    47 |    90 |    14 ||   192
  Block: Buckler           |    23 |     3 |       |       ||    26
         Kite shield       |       |    55 |   130 |    21 ||   206
   Form: Maw               |       |       |     1 |     1 ||     2
                           |       |       |     1 |       ||     1

Table legend: (Time is in decaauts)
 A = Elapsed time spent in this place.
 B = Non-inter-level travel time spent in this place.
 C = Inter-level travel time spent in this place.
 D = Time resting spent in this place.
 E = Time spent auto-exploring this place.
 F = Levels seen in this place.
 G = Mean time per level.
                   A        B        C        D        E       F      G
               +--------+--------+--------+--------+--------+-----+--------+
         Total |   8334 |   7772 |    562 |   1409 |   4527 |   8 | 1041.8 |
       Dungeon |   8308 |   7746 |    562 |   1409 |   4527 |   7 | 1186.9 |
        Temple |     25 |     25 |      0 |      0 |      0 |   1 |   25.0 |
               +--------+--------+--------+--------+--------+-----+--------+

Top non-repeatable levels by time:
     D:7: 1904 daAuts
     D:6: 1637 daAuts
     D:5: 1110 daAuts
     D:3: 979 daAuts
     D:1: 959 daAuts
     D:2: 916 daAuts
     D:4: 801 daAuts
  Temple: 25 daAuts
